 Dungeon Crawl Stone Soup version 0.28.0-53-g5a82cb258f (webtiles) character file.

Game seed: 3298453572629099954

41 Tirrikindir the Skirmisher (level 3, 26/26 HPs)
             Began as an Octopode Fighter on Aug 16, 2022.
             Was a Follower of Uskayaw.
             Got out of the dungeon alive.
             The game lasted 00:02:27 (1069 turns).

Tirrikindir the Skirmisher (Octopode Fighter)       Turns: 1069, Time: 00:02:27

Health: 26/26      AC:  1    Str: 15    XL:     3   Next: 52%
Magic:  3/3        EV: 13    Int: 10    God:    Uskayaw [*.....]
Gold:   66         SH:  4    Dex: 13    Spells: 2/2 levels left

rFire   . . .      SeeInvis .   a - +0 long sword
rCold   . . .      Faith    .   b - +0 buckler
rNeg    . . .      Spirit   .   (helmet restricted)
rPois   .          Reflect  .   (no amulet)
rElec   .          Harm     .   (no ring)
rCorr   .          Rampage  .   (no ring)
Will    .....                   (no ring)
Stlth   +++.......              (no ring)
HPRegen 0.08/turn               (no ring)
MPRegen 0.08/turn               (no ring)
                                (no ring)
                                (no ring)

@: no status effects
A: almost no armour, amphibious, 8 rings, camouflage 1, gelatinous body 1,
(nimble swimmer 1), tentacles
a: Renounce Religion, Stomp


You escaped.
You worshipped Uskayaw.
Uskayaw was noncommittal.
You visited 1 branch of the dungeon, and saw 2 of its levels.

You collected 66 gold pieces.

Inventory:

Hand Weapons
 a - a +0 long sword (weapon)
Armour
 b - a +0 buckler (worn)
Potions
 c - a potion of might
 d - a potion of ambrosia {unknown}
 e - 2 potions of curing
 f - a potion of heal wounds {unknown}
 g - a potion of berserk rage {unknown}


   Skills:
 + Level 3.2 Fighting
 * Level 2.7 Long Blades
 + Level 3.2 Dodging
 + Level 1.7 Stealth
 + Level 3.2 Shields


You had 2 spell levels left.
You didn't know any spells.
Your spell library was empty.

Dungeon Overview and Level Annotations

Branches:
Dungeon (2/15)

Altars:
Uskayaw
The Shining One


Innate Abilities, Weirdness & Mutations

You cannot wear most types of armour.
You are amphibious.
You can wear up to eight rings at the same time.
Your skin changes colour to match your surroundings (Stealth+).
Your rubbery body absorbs attacks. (AC +1, EV +1)
((You are camouflaged when in or above water. (Stealth+)))
You have tentacles for arms and can constrict up to eight enemies at once.


Message History

Found a stone staircase leading up.
f - a bubbling black potion
Found 8 gold pieces.
You now have 66 gold pieces (gained 8).
As you open the door, it creaks loudly!
Found a faded altar of an unknown god.
There is an open door here.
You open the door.
There is an open door here.
You hit the plant.
The plant begins to die.
You grab the plant. You squeeze the plant!
The plant is lightly damaged.
You constrict the plant.
You release your grip on the plant.
You slash the fungus!
The fungus begins to die.
You grab the fungus.
The fungus is lightly damaged.
You constrict the fungus. You hit the fungus.
The fungus begins to die.
You grab the fungus. You squeeze the fungus!
The fungus is lightly damaged.
You constrict the fungus. x2; A nearby fungus withers and dies.
You lose your grip on the fungus.
A nearby plant withers and dies.
You release your grip on the fungus.
A nearby fungus withers and dies.
There is a faded altar of an unknown god here.
You cannot tell which god this altar belongs to.
Convert to them anyway?
Uskayaw accepts your prayer! Uskayaw welcomes you!
You can now stomp with the beat.
(D) Dungeon
Where to? (Enter - D:2, ? - help)
What level of the Dungeon? (default 1, ? - help)
There is an open door here.
There is an open door here.
There is a stone staircase leading up here.
You climb upwards.
There is a stone staircase leading down here.
There is a staircase leading out of the dungeon here.
Are you sure you want to leave the Dungeon?
This will make you lose the game!
You have escaped!

###...##.#.#.###.###.#....#.#
##.........#...# #.####.#.# #
###.....#####.########.#.#
########..##≈≈≈♣≈♣≈≈≈≈#...#.#
.......#...#≈........≈#.#.#.#
......[....#≈........≈#.#.#.####
.......#..##≈........≈#........#
...........#♣.......♣♣#........#
.........#..≈...@..............#
.........###♣.......♣♣#........#
..##.##..###≈.P...♣..≈#........#
#.##..)....#≈PPP.♣♣♣.≈#........#
#.##...#.#.#≈.P...♣..≈#........#
#......#.#.#≈≈≈♣≈♣≈≈≈≈#.#.##.###
###....#.#.#####.######...##.#
###....#.#........# ##..##.#
##.......#........# #####...†#


There were no monsters in sight!

Vanquished Creatures
  A gnoll (D:1)
  2 worms (D:2)
  3 ball pythons
  3 endoplasms (D:1)
  3 giant cockroaches
  A goblin (D:1)
  3 hobgoblins
  A kobold (D:1)
  3 bats (D:1)
  3 frilled lizards (D:1)
  2 rats
  5 toadstools (D:1)
30 creatures vanquished.

Vanquished Creatures (others)
  2 fungi (D:2)
  6 plants
8 creatures vanquished.

Grand Total: 38 creatures vanquished

Notes
Turn   | Place    | Note
-------+----------+-------------------------------------------
     0 | D:1      | Tirrikindir the Octopode Fighter began the quest for the
                  | Orb.
     0 | D:1      | Reached XP level 1. HP: 16/16 MP: 1/1
   142 | D:1      | You fall into a shaft and drop 1 floor!
   151 | D:2      | Reached XP level 2. HP: 21/21 MP: 2/2
   184 | D:2      | Reached skill level 1 in Stealth
   587 | D:1      | Reached XP level 3. HP: 22/26 MP: 3/3
   778 | D:2      | Found a glowing golden altar of the Shining One.
  1002 | D:2      | Found a faded altar of an unknown god.
  1021 | D:2      | Prayed at the altar of an unknown god.
  1021 | D:2      | Became a worshipper of Uskayaw the Reveller
  1021 | D:2      | Reached * piety under Uskayaw
  1069 | D:$      | Got out of the dungeon alive.

Illustrated notes

Levels and vault maps discovered:
D:1:      ldierk_walled_garden, layout_rooms
D:2:      layout_rooms, basic_altar, shapermc_ecumenical_altar_ellora

Skill      XL: |  1  2 |
---------------+-------+-----
Stealth        | 1 |  1.7
Fighting       | |  3.2
Long Blades    | |  2.7
Dodging        | |  3.2
Shields        | |  3.2

Action                   || total
-------------------------++-------
Melee: Long sword        ||    56
       Constrict         ||    20
       Tentacles         ||    19
       Punch             ||     1
  Use: Scroll            ||     3
 Stab: Sleeping          ||     1
Armor: Skin              ||     5
Dodge: Dodged            ||    30
Block: Buckler           ||    11
